 Dungeon Crawl Stone Soup version 0.28-a0-472-g50180c0d78 (webtiles) character file.

Game seed: 5712928577021367303

267 DasRunzen the Grave Robber (level 6, -4/37 HPs)
             Began as a Deep Elf Wanderer on Sept 15, 2021.
             Slain by a black bear (11 damage)
             ... on level 4 of the Dungeon.
             The game lasted 00:13:12 (5917 turns).

DasRunzen the Grave Robber (Deep Elf Wanderer)      Turns: 5917, Time: 00:13:13

Health: -4/37      AC:  2    Str:  9    XL:     6   Next: 0%
Magic:  3/14       EV: 12    Int: 20    God:
Gold:   181        SH:  0    Dex: 13    Spells: 9/14 levels left

rFire   . . .      SeeInvis .   k - +3 mace
rCold   . . .      Faith    .   (no shield)
rNeg    . . .      Spirit   .   b - +0 robe
rPois   .          Reflect  .   (no helmet)
rElec   .          Harm     .   (no cloak)
rCorr   .          Rampage  .   (no gloves)
Will    +....                   (no boots)
Stlth   +.........              (no amulet)
HPRegen 0.12/turn               h - ring of willpower
MPRegen 0.14/turn               (no ring)

@: no status effects
A: no striking features
a: no special abilities


You were on level 4 of the Dungeon.
You visited 1 branch of the dungeon, and saw 4 of its levels.

You collected 181 gold pieces.

Inventory:

Hand Weapons
 a - a +0 dagger
 k - a +3 mace (weapon)
Armour
 b - a +0 robe (worn)
 e - a +2 kite shield of resistance
Jewellery
 h - a ring of willpower (left hand)
Wands
 i - a wand of polymorph (18)
Scrolls
 c - 5 scrolls of teleportation
 j - a scroll of magic mapping {unknown}
 l - a scroll of identify
 m - a scroll of amnesia
Potions
 d - a potion of lignification
 f - a potion of haste
 g - a potion of brilliance


   Skills:
 + Level 3.2 Fighting
 - Level 1.0 Throwing
 + Level 2.8 Dodging
 + Level 4.6 Spellcasting
 + Level 4.8 Necromancy
 + Level 3.0 Evocations


You had 9 spell levels left.
You knew the following spells:

 Your Spells              Type           Power      Damage    Failure   Level
a - Pain                  Necr           96%        1d8       1%          1
b - Animate Skeleton      Necr           48%        N/A       1%          1
c - Vampiric Draining     Necr           12%        2d7       4%          3

Your spell library contained the following spells:

 Spells                   Type           Power      Damage    Failure   Level
 Animate Dead             Necr           12%        N/A       16%         4
 Ensorcelled Hibernation  Hex/Ice        8%         N/A       19%         2
 Slow                     Hex            4%         N/A       19%         2
 Static Discharge         Conj/Air       4%         N/A       19%         2
 Tukima's Dance           Hex            4%         N/A       36%         3
 Agony                    Necr           24%        N/A       41%         5
 Lightning Bolt           Conj/Air       2%         1d13      98%         5
 Maxwell's Capacitive Co  Air            2%         ∞         100%        8


Dungeon Overview and Level Annotations

Branches:
Dungeon (4/15)
 Temple: D:4-7

Altars:
Hepliaklqana
Qazlal
Trog


Message History

The black bear closely misses you.
Casting: Vampiric Draining (dangerous; 4% risk of failure)
Confirm with . or Enter, or press ? or * to list all spells.
You don't know that spell.
Unknown command.
Casting: Vampiric Draining (dangerous; 4% risk of failure)
Confirm with . or Enter, or press ? or * to list all spells.
Aiming: Vampiric Draining (dangerous; 4% risk of failure)
Press: ? - help, Shift-Dir - straight line, f/p - black bear
Aim: a black bear (heavily wounded)
You draw life force from the black bear.
You feel life coursing into your body. The black bear barely misses you.
The black bear misses you. The black bear completely misses you.
Unknown command.
Casting: Vampiric Draining (dangerous; 4% risk of failure)
Confirm with . or Enter, or press ? or * to list all spells.
Aiming: Vampiric Draining (dangerous; 4% risk of failure)
Press: ? - help, Shift-Dir - straight line, f/p - black bear
Aim: a black bear (heavily wounded)
You draw life force from the black bear.
You feel life coursing into your body.
The black bear goes berserk!
Unknown command.
Casting: Vampiric Draining (dangerous; 4% risk of failure)
Confirm with . or Enter, or press ? or * to list all spells.
You don't have enough magic to cast this spell.
Unknown command.
It was a potion of cancellation.
You feel magically purged.
Your magical contamination has completely faded away.
The black bear misses you. The black bear claws you.
* * * LOW HITPOINT WARNING * * *
The black bear misses you.
Casting: Vampiric Draining (dangerous; 4% risk of failure)
Confirm with . or Enter, or press ? or * to list all spells.
Okay, then.
You hit the black bear but do no damage.
The black bear is severely wounded.
The black bear barely misses you. The black bear claws you.
* * * LOW HITPOINT WARNING * * *
The black bear barely misses you. The black bear bites you!
You die...

.# #........###.##.# #.#.# ###
####..#### #.##.# #.#.# ..#
##..######.##.# #.... ##>#
##...##........# ###.# .#
##...........#..## #.# ##.#
##........#.......# #..
..####.........#.#.....#########.
.....+.....<...+.................
..####.........#@##....#########.
.## ##........h.......# #..... .#
##.....#######.### #.###. .#
##>..## #.# #.# #. .# ##'## #.#
#.# #. ## #.# #.# #.# #. #.# #.#
#.###. ##.## #.# #.#... ###
###...##### #.# #.#.##


You could see a black bear (berserk).

Vanquished Creatures
  A jelly (D:4)
  A centaur skeleton (D:4)
  An orc priest (D:3)
  A hound (D:4)
  An iguana (D:4)
  4 adders
  A worm (D:3)
  2 dart slugs
  2 orcs (D:3)
  6 ball pythons
  3 bats
  10 endoplasms
  3 giant cockroaches
  6 goblins
  7 hobgoblins
  4 quokkas
  3 frilled lizards
  5 kobolds
  2 rats
63 creatures vanquished.

Vanquished Creatures (others)
  A plant (D:3)
1 creature vanquished.

Grand Total: 64 creatures vanquished

Notes
Turn   | Place    | Note
-------+----------+-------------------------------------------
     0 | D:1      | DasRunzen the Deep Elf Wanderer began the quest for the
                  | Orb.
     0 | D:1      | DasRunzen set off with the following items: a +0 dagger, a
                  | +0 robe, a scroll of teleportation; and the following
                  | spells available to memorise: Animate Skeleton, Pain,
                  | Vampiric Draining, Ensorcelled Hibernation, Slow, Animate
                  | Dead, Agony
     0 | D:1      | Reached XP level 1. HP: 13/13 MP: 6/6
     2 | D:1      | Learned a level 1 spell: Pain
     4 | D:1      | Learned a level 1 spell: Animate Skeleton
   688 | D:1      | Reached XP level 2. HP: 14/18 MP: 4/8
  1425 | D:1      | Reached skill level 1 in Dodging
  2119 | D:2      | Reached XP level 3. HP: 21/22 MP: 7/9
  3243 | D:3      | HP: 1/22 [poisoned by an adder]
  3570 | D:3      | Reached XP level 4. HP: 26/27 MP: 9/11
  3917 | D:3      | Learned a level 3 spell: Vampiric Draining
  4263 | D:3      | Found a hazy altar of Hepliaklqana.
  4689 | D:4      | Found a bloodstained altar of Trog.
  4708 | D:4      | Noticed a black bear
  4978 | D:4      | Reached XP level 5. HP: 28/32 MP: 8/13
  5389 | D:4      | Reached XP level 6. HP: 3/37 MP: 8/14
  5822 | D:4      | Found a stormy altar of Qazlal.
  5917 | D:4      | Slain by a black bear

Illustrated notes

Levels and vault maps discovered:
D:1:      lightli_arrival_statue_moat, layout_loops_ring
D:2:      minmay_chambers_of_ones, layout_loops_ring
D:3:      layout_loops_ring, nicolae_hepliaklqana_hazy_memory
D:4:      layout_loops_corners, mainiacjoe_overflow_24_doors, lemuel_round_altar

Skill      XL: |  1  2  3  4  5 |
---------------+----------------+-----
Dodging        | 1 2 |  2.8
Necromancy     | 4 |  4.8
Evocations     | 2 3 |  3.0
Fighting       | 3 |  3.2
Spellcasting   | 4 |  4.6
Throwing       | |  1.0

Action                   |  1- 3 |  4- 6 || total
-------------------------+-------+-------++-------
Melee: Dagger            |     8 |       ||     8
       Mace              |    34 |    18 ||    52
 Cast: Pain              |    62 |    47 ||   109
       Animate Skeleton  |     1 |     1 ||     2
       Vampiric Draining |       |     3 ||     3
  Use: Scroll            |    10 |     1 ||    11
       Potion            |     1 |     1 ||     2
 Stab: Sleeping          |       |     1 ||     1
Armor: Robe              |    11 |     7 ||    18
Dodge: Dodged            |    37 |    26 ||    63

Table legend: (Time is in decaauts)
 A = Elapsed time spent in this place.
 B = Non-inter-level travel time spent in this place.
 C = Inter-level travel time spent in this place.
 D = Time resting spent in this place.
 E = Time spent auto-exploring this place.
 F = Levels seen in this place.
 G = Mean time per level.
                   A        B        C        D        E       F      G
               +--------+--------+--------+--------+--------+-----+--------+
         Total |   5938 |   5820 |    118 |    876 |   4274 |   4 | 1484.5 |
       Dungeon |   5938 |   5820 |    118 |    876 |   4274 |   4 | 1484.5 |
               +--------+--------+--------+--------+--------+-----+--------+

Top non-repeatable levels by time:
     D:3: 1726 daAuts
     D:1: 1615 daAuts
     D:2: 1437 daAuts
     D:4: 1159 daAuts
